 Dungeon Crawl Stone Soup version 0.21.1-1-g345015f (webtiles) character file.

1507 tidbits the Insei (level 8, 0/91 HPs)
             Began as a Gnoll Transmuter on Feb 20, 2018.
             Was a Follower of Cheibriados.
             Slain by a troll (6 damage)
             ... on level 9 of the Dungeon.
             The game lasted 00:14:15 (1178 turns).

tidbits the Insei (Gnoll Transmuter)                Turns: 1178, Time: 00:14:16

Health: 0/91       AC: 24    Str: 17    XL:     8   Next: 82%
Magic:  13/17      EV:  2    Int: 19    God:    Cheibriados [*.....]
Gold:   212        SH:  0    Dex: 18    Spells: 5/19 levels left

rFire    . . .     SeeInvis +   g - +0 dagger
rCold    . . .     Gourm    .   (no shield)
rNeg     + + +     Faith    .   (armour currently unavailable)
rPois    +         Spirit   .   (helmet currently unavailable)
rElec    .         Reflect  .   (cloak currently unavailable)
rCorr    .         Harm     .   (gloves currently unavailable)
MR       .....     NoTele   +   (boots currently unavailable)
Stlth    +++.......             (no amulet)
HPRegen  0.25/turn              E - ring of see invisible
MPRegen  0.15/turn              (no ring)

@: tree-form, very slightly contaminated, very slow
A: distributed training, strong 1, strong nose
a: Bend Time, Renounce Religion


You were on level 9 of the Dungeon.
You worshipped Cheibriados.
Cheibriados was aware of your devotion.
You were very full.
You were a tree.
You visited 2 branches of the dungeon, and saw 10 of its levels.

You collected 212 gold pieces.

Inventory:

Hand Weapons
 g - a +0 dagger (weapon)
 n - a +0 long sword
 t - a +0 long sword of slicing
   (You found it on level 4 of the Dungeon)
 v - a +1 short sword of venom
   (You took it off Blork the orc on level 5 of the Dungeon)
 z - a +0 great sword
 A - a +2 flail of holy wrath
   (You took it off an orc on level 5 of the Dungeon)
Missiles
 a - 43 arrows
 f - 5 tomahawks (quivered)
 r - 8 stones
Armour
 b - a +0 robe
 B - a +1 robe of magic resistance (melded)
   (You took it off Blork the orc on level 5 of the Dungeon)
Jewellery
 E - a ring of see invisible (left branch)
   (You found it on level 6 of the Dungeon)
Wands
 h - a wand of iceblast (6)
 j - a wand of acid (7)
 p - a wand of paralysis (17)
 w - a wand of polymorph (10)
Scrolls
 i - a scroll of brand weapon
 l - 2 scrolls of teleportation
 o - a scroll of enchant weapon
 q - a scroll of amnesia
 y - a scroll of immolation
 D - a scroll of remove curse {unknown}
 G - a scroll of fog {unknown}
Potions
 e - a potion of heal wounds {unknown}
 m - a potion of might
 s - 2 potions of curing
 x - a potion of flight
Books
 d - a book of Changes

   Spells                             Type                      Level
   a - Beastly Appendage              Transmutation                1
   b - Sticks to Snakes               Transmutation                2
   c - Spider Form                    Transmutation/Poison         3
   d - Ice Form                       Ice/Transmutation            4
   e - Blade Hands                    Transmutation                5
 k - the Papyrus of Poison and the Birds
   (You found it on level 5 of the Dungeon)

   Spells                             Type                      Level
   a - Mephitic Cloud                 Conjuration/Poison/Air       3
   b - Venom Bolt                     Conjuration/Poison           5
   c - Deflect Missiles               Charms/Air                   6
   d - Freezing Cloud                 Conjuration/Ice/Air          6
 u - the Catalogue of Shifting Boosts
   (You found it on level 4 of the Dungeon)

   Spells                             Type                      Level
   a - Ignite Poison                  Fire/Transmutation/Poison    3
   b - Spectral Weapon                Hexes/Charms                 3
   c - Iskenderun's Battlesphere      Conjuration/Charms           5
   d - Dragon Form                    Transmutation                7
Comestibles
 c - 5 rations


   Skills:
 + Level 4.4 Fighting
 + Level 3.5 Short Blades
 + Level 3.5 Long Blades
 + Level 3.5 Axes
 + Level 3.5 Maces & Flails
 + Level 3.5 Polearms
 + Level 3.5 Staves
 + Level 3.5 Slings
 + Level 3.5 Bows
 + Level 3.5 Crossbows
 + Level 3.5 Throwing
 + Level 3.5 Armour
 + Level 5.8 Dodging
 + Level 3.5 Stealth
 + Level 3.5 Shields
 + Level 7.5 Unarmed Combat
 + Level 6.2 Spellcasting
 + Level 2.9 Conjurations
 + Level 2.9 Hexes
 + Level 2.9 Charms
 + Level 2.9 Summonings
 + Level 2.9 Necromancy
 + Level 2.9 Translocations
 + Level 4.8 Transmutations
 + Level 2.9 Fire Magic
 + Level 2.9 Ice Magic
 + Level 2.9 Air Magic
 + Level 2.9 Earth Magic
 + Level 2.9 Poison Magic
 + Level 3.9 Invocations
 + Level 3.5 Evocations


You had 5 spell levels left.
You knew the following spells:

 Your Spells              Type           Power        Failure   Level  Hunger
e - Beastly Appendage     Tmut           ###...       1%          1    None
h - Blade Hands           Tmut           ###.......   38%         5    #####..
k - Sticks to Snakes      Tmut           ###.....     2%          2    None
m - Mephitic Cloud        Conj/Pois/Air  ###.....     10%         3    ##.....
p - Spider Form           Tmut/Pois      ###.......   7%          3    ##.....


Dungeon Overview and Level Annotations

Branches:
Dungeon (9/15)             Temple (1/1) D:5
   Lair: D:8-11         Orc: D:9-12

Altars:
Ashenzari
Cheibriados
Elyvilon
Fedhas
Kikubaaqudgha
Nemelex Xobeh
Ru
Trog
Uskayaw
Vehumet
Wu Jian
Xom
Yredelemnul
The Shining One


Innate Abilities, Weirdness & Mutations

Your experience applies equally to all skills.
((You have very sharp teeth.))
Your uncanny sense of smell can sniff out nearby items.
((You can translocate small distances at will.))
Your muscles are strong. (Str +2)


Message History

The adder skeleton closely misses you.
Your ball python closely misses the howler monkey zombie.
Your ball python grabs the howler monkey zombie.
Your ball python constricts the howler monkey zombie.
The howler monkey zombie completely misses you.
You bite the howler monkey zombie!
The howler monkey zombie is heavily damaged.
The adder skeleton closely misses you.
Your ball python bites the howler monkey zombie.
Your ball python constricts the howler monkey zombie.
You strike the helpless howler monkey zombie from behind!
You bite the howler monkey zombie!
The howler monkey zombie is almost destroyed.
The howler monkey zombie completely misses you.
The adder skeleton misses you.
Your ball python bites the howler monkey zombie.
Your ball python constricts the howler monkey zombie.
The howler monkey zombie is destroyed!
Cheibriados thoroughly appreciates the change of pace.
Cheibriados slows and strengthens your metabolism.
Cheibriados raises the support of your attributes as your movement slows.
You hit the adder skeleton.
The adder skeleton is moderately damaged.
The adder skeleton completely misses you.
Your ball python bites the adder skeleton.
Your ball python barely misses the adder skeleton.
You bite the adder skeleton!
You destroy the adder skeleton!
Cheibriados appreciates the change of pace.
Your transformation is almost over.
You open the door.
An iguana and a troll come into view.
The troll shouts!
There is an open door here.
You barely miss the iguana.
Your ball python barely misses the iguana.
Your ball python grabs the iguana.
Your ball python constricts the iguana.
The iguana completely misses you.
You bite the iguana!
The iguana looks as sick as possible!
The iguana is severely wounded.
Your ball python bites the iguana but does no damage.
Your ball python constricts the iguana.
The iguana completely misses you.
Your ball python barely misses the iguana.
Your ball python constricts the iguana.
You hit the iguana.
You kill the iguana!
Cheibriados appreciates the change of pace.
You closely miss the troll.
Your transformation has ended.
Your +0 dagger unmelds from your body.
Your +1 robe of magic resistance unmelds from your body.
You feel resistant to hostile enchantments.
Your ball python barely misses the troll.
The troll completely misses you. The troll claws you! The troll claws you.
You hit the troll.
The troll is lightly wounded.
Your ball python completely misses the troll.
The troll bites you! The troll claws you!
* * * LOW HITPOINT WARNING * * *
The troll claws you!
* * * LOW HITPOINT WARNING * * *
Casting: Spider Form
Confirm with . or Enter, or press ? or * to list all spells.
Okay, then.
You turn into a tree.
Your +1 robe of magic resistance melds into your body.
You feel less resistant to hostile enchantments.
Your roots penetrate the ground.
Your ball python closely misses the troll.
The troll bites you!
* * * LOW HITPOINT WARNING * * *
The troll claws you.
* * * LOW HITPOINT WARNING * * *
The troll claws you but does no damage.
Evoke which item? (* to show all) (? for menu, Esc to quit)
Aiming: Corrosive Bolt
Press: ? - help, Shift-Dir - straight line, f - troll
Aim: a troll The bolt of acid hits the troll.
The troll is splashed with acid.
The troll is heavily wounded.
Your ball python misses the troll.
The troll bites you but does no damage. The troll claws you but does no damage.
The troll claws you.
* * * LOW HITPOINT WARNING * * *
Evoke which item? (* to show all) (? for menu, Esc to quit)
Aiming: Corrosive Bolt
Press: ? - help, Shift-Dir - straight line, f/p - troll
Aim: a troll (heavily wounded)
The bolt of acid hits the troll.
The troll is splashed with acid.
The acid corrodes the troll!
The troll is severely wounded.
Your ball python bites the troll.
The troll bites you but does no damage.
The troll claws you but does no damage. x2
You barely miss the troll.
The troll is severely wounded.
Your ball python bites the troll.
You hit the troll.
The troll is almost dead.
Your ball python closely misses the troll.
The troll bites you.
You die...

.# .# ... #.# ....
..#
....#######..###.#
................
..........#..#####
.........♣T.>.....
#......S###.####
#.......# #.# .
#.......# #.#.###..
#.......###.#....#.
.....................
.############.#######
#........
######.#######


You could see a troll and a friendly ball python.

Vanquished Creatures
  The ghost of Autsider the Skirmisher, an amateur FoAK of Lugonu (D:4)
  A hungry ghost (D:5)
  A water moccasin (Temple)
  2 ice beasts
  A necrophage (D:6)
  An ogre (D:5)
  A phantom (D:5)
  A centaur (D:6)
  Blork the orc (D:5)
  2 crimson imps
  A jelly (D:5)
  A bullfrog skeleton (D:7)
  A hound (D:4)
  2 iguanas
  Jessica (D:3)
  2 orc wizards
  2 worker ants (D:4)
  4 adders
  5 gnolls
  An ooze (D:2)
  2 adder skeletons
  A dart slug (D:2)
  9 orcs
  2 giant cockroaches (D:3)
  2 goblins (D:3)
  A hobgoblin (D:3)
  A kobold (D:3)
  A quokka (D:5)
  A ball python (D:1)
  2 bats (D:3)
  A jackal skeleton (D:4)
  A jackal zombie (D:5)
  A quokka skeleton (D:4)
  2 rats (D:3)
59 creatures vanquished.

Vanquished Creatures (collateral kills)
  Ijyb (D:3)
  A howler monkey zombie (D:9)
  A gnoll (D:4)
3 creatures vanquished.

Grand Total: 62 creatures vanquished

Notes
Turn   | Place    | Note
-------+----------+-------------------------------------------
     0 | D:1      | tidbits the Gnoll Transmuter began the quest for the Orb.
     0 | D:1      | Reached XP level 1. HP: 17/17 MP: 6/6
     9 | D:2      | Found a faded altar of an unknown god.
    25 | D:3      | Noticed an orc wizard
    34 | D:3      | Reached XP level 2. HP: 20/23 MP: 7/7
    38 | D:3      | Learned a level 2 spell: Sticks to Snakes
    41 | D:3      | Reached skill level 5 in Spellcasting
    41 | D:3      | Reached XP level 3. HP: 24/28 MP: 7/9
    70 | D:3      | Noticed Ijyb
    73 | D:3      | Noticed Jessica
    73 | D:3      | Learned a level 3 spell: Spider Form
    77 | D:3      | Reached skill level 1 in Invocations
    84 | D:3      | Reached skill level 1 in Short Blades
    84 | D:3      | Reached skill level 1 in Long Blades
    84 | D:3      | Reached skill level 1 in Axes
    84 | D:3      | Reached skill level 1 in Maces & Flails
    84 | D:3      | Reached skill level 1 in Polearms
    84 | D:3      | Reached skill level 1 in Staves
    84 | D:3      | Reached skill level 1 in Slings
    84 | D:3      | Reached skill level 1 in Bows
    84 | D:3      | Reached skill level 1 in Crossbows
    84 | D:3      | Reached skill level 1 in Throwing
    84 | D:3      | Reached skill level 1 in Armour
    84 | D:3      | Reached skill level 1 in Stealth
    84 | D:3      | Reached skill level 1 in Shields
    84 | D:3      | Reached skill level 1 in Evocations
    87 | D:3      | Reached XP level 4. HP: 25/34 MP: 3/11
    92 | D:3      | Killed Ijyb
    98 | D:3      | Killed Jessica
    98 | D:3      | Reached skill level 1 in Conjurations
    98 | D:3      | Reached skill level 1 in Hexes
    98 | D:3      | Reached skill level 1 in Charms
    98 | D:3      | Reached skill level 1 in Summonings
    98 | D:3      | Reached skill level 1 in Necromancy
    98 | D:3      | Reached skill level 1 in Translocations
    98 | D:3      | Reached skill level 1 in Fire Magic
    98 | D:3      | Reached skill level 1 in Ice Magic
    98 | D:3      | Reached skill level 1 in Air Magic
    98 | D:3      | Reached skill level 1 in Earth Magic
    98 | D:3      | Reached skill level 1 in Poison Magic
   139 | D:3      | Reached XP level 5. HP: 25/40 MP: 1/12
   286 | D:4      | Reached skill level 3 in Fighting
   293 | D:4      | Noticed Autsider's ghost (amateur FoAK)
   318 | D:3      | Reached skill level 4 in Transmutations
   407 | D:4      | Reached XP level 6. HP: 39/47 MP: 6/13
   409 | D:4      | Reached skill level 2 in Invocations
   416 | D:4      | Killed Autsider's ghost
   416 | D:4      | Reached skill level 2 in Short Blades
   416 | D:4      | Reached skill level 2 in Long Blades
   416 | D:4      | Reached skill level 2 in Axes
   416 | D:4      | Reached skill level 2 in Maces & Flails
   416 | D:4      | Reached skill level 2 in Polearms
   416 | D:4      | Reached skill level 2 in Staves
   416 | D:4      | Reached skill level 2 in Slings
   416 | D:4      | Reached skill level 2 in Bows
   416 | D:4      | Reached skill level 2 in Crossbows
   416 | D:4      | Reached skill level 2 in Throwing
   416 | D:4      | Reached skill level 2 in Armour
   416 | D:4      | Reached skill level 5 in Dodging
   416 | D:4      | Reached skill level 2 in Stealth
   416 | D:4      | Reached skill level 2 in Shields
   416 | D:4      | Reached skill level 2 in Evocations
   416 | D:4      | Reached XP level 7. HP: 52/52 MP: 7/15
   476 | D:4      | Identified the Catalogue of Shifting Boosts
   488 | D:4      | Found a sparkling altar of Nemelex Xobeh.
   512 | D:5      | Entered Level 5 of the Dungeon
   512 | D:5      | Noticed Blork the orc
   524 | D:5      | Killed Blork the orc
   524 | D:5      | Reached skill level 7 in Unarmed Combat
   595 | D:5      | Reached skill level 2 in Conjurations
   595 | D:5      | Reached skill level 2 in Hexes
   595 | D:5      | Reached skill level 2 in Charms
   595 | D:5      | Reached skill level 2 in Summonings
   595 | D:5      | Reached skill level 2 in Necromancy
   595 | D:5      | Reached skill level 2 in Translocations
   595 | D:5      | Reached skill level 2 in Fire Magic
   595 | D:5      | Reached skill level 2 in Ice Magic
   595 | D:5      | Reached skill level 2 in Air Magic
   595 | D:5      | Reached skill level 2 in Earth Magic
   595 | D:5      | Reached skill level 2 in Poison Magic
   637 | D:5      | Noticed a hungry ghost
   665 | D:5      | Killed a hungry ghost
   767 | D:5      | Found a staircase to the Ecumenical Temple.
   778 | Temple   | Entered the Ecumenical Temple
   787 | Temple   | Reached skill level 3 in Invocations
   793 | Temple   | Became a worshipper of Cheibriados the Contemplative
   807 | D:5      | Reached XP level 8. HP: 23/60 MP: 12/16
   833 | D:5      | Identified the Papyrus of Poison and the Birds
   840 | D:5      | Learned a level 3 spell: Mephitic Cloud
   867 | D:5      | Reached skill level 4 in Fighting
   867 | D:5      | Reached skill level 3 in Short Blades
   867 | D:5      | Reached skill level 3 in Long Blades
   867 | D:5      | Reached skill level 3 in Axes
   867 | D:5      | Reached skill level 3 in Maces & Flails
   867 | D:5      | Reached skill level 3 in Polearms
   867 | D:5      | Reached skill level 3 in Staves
   867 | D:5      | Reached skill level 3 in Slings
   867 | D:5      | Reached skill level 3 in Bows
   867 | D:5      | Reached skill level 3 in Crossbows
   867 | D:5      | Reached skill level 3 in Throwing
   867 | D:5      | Reached skill level 3 in Armour
   867 | D:5      | Reached skill level 3 in Stealth
   867 | D:5      | Reached skill level 3 in Shields
   867 | D:5      | Reached skill level 3 in Evocations
   999 | D:6      | Reached skill level 6 in Spellcasting
  1110 | D:8      | Learned a level 5 spell: Blade Hands
  1153 | D:9      | Gained mutation: You are dopey. (Int -2) [potion of mutation]
  1153 | D:9      | Gained mutation: Your muscles are strong. (Str +2) [potion of mutation]
  1153 | D:9      | Gained mutation: You can translocate small distances at will. [potion of mutation]
  1153 | D:9      | Lost mutation: You are dopey. (Int -2) [potion of mutation]
  1161 | D:9      | Reached * piety under Cheibriados
  1166 | D:9      | Noticed a troll
  1174 | D:9      | HP: 9/91 [troll (4)]
  1178 | D:9      | Slain by a troll

Skill      XL: |  1  2  3  4  5  6  7  8 |
---------------+-------------------------+-----
Spellcasting   | 5 6 |  6.2
Invocations    | 1 2 3 |  3.9
Short Blades   | 1 2 3 |  3.5
Long Blades    | 1 2 3 |  3.5
Axes           | 1 2 3 |  3.5
Maces & Flails | 1 2 3 |  3.5
Polearms       | 1 2 3 |  3.5
Staves         | 1 2 3 |  3.5
Slings         | 1 2 3 |  3.5
Bows           | 1 2 3 |  3.5
Crossbows      | 1 2 3 |  3.5
Throwing       | 1 2 3 |  3.5
Armour         | 1 2 3 |  3.5
Stealth        | 1 2 3 |  3.5
Shields        | 1 2 3 |  3.5
Evocations     | 1 2 3 |  3.5
Conjurations   | 1 2 |  2.9
Hexes          | 1 2 |  2.9
Charms         | 1 2 |  2.9
Summonings     | 1 2 |  2.9
Necromancy     | 1 2 |  2.9
Translocations | 1 2 |  2.9
Fire Magic     | 1 2 |  2.9
Ice Magic      | 1 2 |  2.9
Air Magic      | 1 2 |  2.9
Earth Magic    | 1 2 |  2.9
Poison Magic   | 1 2 |  2.9
Fighting       | 3 4 |  4.4
Transmutations | 4 |  4.8
Dodging        | 5 |  5.8
Unarmed Combat | 7 |  7.5

Action                   |  1- 3 |  4- 6 |  7- 9 || total
-------------------------+-------+-------+-------++-------
Melee: Unarmed           |    27 |    67 |   101 ||   195
       Headbutt          |     2 |       |       ||     2
       Kick              |     1 |     3 |       ||     4
       Punch             |     1 |     1 |       ||     2
       Dagger            |       |       |     6 ||     6
       Bite              |       |       |     2 ||     2
 Cast: Beastly Appendage |     2 |     3 |       ||     5
       Sticks to Snakes  |     2 |     1 |     4 ||     7
       Spider Form       |     1 |     6 |    12 ||    19
 Abil: End Transformatio |       |       |     1 ||     1
Evoke: Wand              |       |       |     5 ||     5
  Use: Potion            |       |     1 |     6 ||     7
       Scroll            |       |       |     8 ||     8
 Stab: Distracted        |       |     2 |     1 ||     3
       Sleeping          |       |     2 |     4 ||     6
  Eat: Ration            |       |       |     4 ||     4
Armor: Robe              |       |     6 |     3 ||     9
       Skin              |       |     5 |    13 ||    18
Dodge: Dodged            |    19 |    39 |    82 ||   140

Table legend:
 A = Turns spent in this place as a percentage of turns spent in the entire game.
 B = Non-inter-level travel turns spent in this place as a percentage of non-inter-level travel turns spent in the entire game.
 C = Inter-level travel turns spent in this place as a percentage of turns spent in this place.
 D = Turns resting spent in this place as a percentage of non-inter-level travel turns spent in this place.
 E = Turns spent auto-exploring this place as a percentage of non-inter-level travel turns spent in this place.
 F = Non-inter-level travel turns spent in this place divided by the number of levels of this place that you've seen.
                   A       B       C       D       E      F
               +-------+-------+-------+-------+-------+----------------------
         Total | 100.0 | 100.0 |   0.0 |   0.0 |   0.0 | 117.8
       Dungeon |  98.0 |  98.0 |   0.0 |   0.0 |   0.0 | 128.2
        Temple |   2.0 |   2.0 |   0.0 |   0.0 |   0.0 |  24.0
               +-------+-------+-------+-------+-------+----------------------

Table legend:
 A = Kills in this place as a percentage of kills in entire the game.
 B = Kills by you in this place as a percentage of kills by you in the entire game.
 C = Kills by friends in this place as a percentage of kills by friends in the entire game.
 D = Other kills in this place as a percentage of other kills in the entire game.
 E = Experience gained in this place as a percentage of experience gained in the entire game.
 F = Experience gained in this place divided by the number of levels of this place that you have seen.
                   A       B       C       D       E      F
               +-------+-------+-------+-------+-------+----------------------
         Total | 100.0 | 100.0 | 100.0 |   N/A | 100.0 | 215.4
       Dungeon |  98.4 |  98.3 | 100.0 |   N/A |  93.2 | 223.0
        Temple |   1.6 |   1.7 |   0.0 |   N/A |   6.8 | 147.0
               +-------+-------+-------+-------+-------+----------------------

Vault maps used:
D:1:      onia_arrival_handbag
D:2:      chequers_ecumenical_altar_island, grunt_qazlal_sundering,
          uniq_crazy_yiuf_cottage
D:3:      first_ration, nicolae_ashenzari_panopticon, uniq_ijyb, uniq_natasha,
          uniq_jessica
D:4:      nemelex_altar_shiori
D:5:      minmay_temple_entry_glassed_door, uniq_blork_the_orc
D:6:      interstate_on_off, grunt_decor_arrowhead
D:7:      serial_shops, shop, uniq_prince_ribbit1
D:8:      basic_altar, uniq_psyche
D:9:      kennysheep_mini, erik_lair_orcish_takeover, serial_shops,
          nicolae_shop_window_shopping, uniq_grum
Temple:   dpeg_three_leaves_temple
